 Dungeon Sprint DCSS version 0.17-a0-1691-g18a3847 (webtiles) character file.

10340 patman the Crack Shot (level 11, -11/114 HPs)
             Began as a Centaur Warper on Aug 20, 2015.
             Was the Champion of Makhleb.
             Mangled by a balrug
             ... wielding a +0 demon whip
              (14 damage)
             ... in the Dungeon (Sprint V: "Ziggurat Sprint").
             The game lasted 00:13:16 (1279 turns).

patman the Crack Shot (Centaur Warper)              Turns: 1279, Time: 00:13:16

Health: -11/114    AC: 21    Str: 27    XL:     11   Next: 34%
Magic:  13/13      EV:  2    Int: 15    God:    Makhleb [******]
Gold:   0          SH:  0    Dex: 11    Spells: 1 memorised, 12 levels left

rFire  + . .     SeeInvis .     a - +7 longbow "Piercer" {penet, EV-2}
rCold  + . .     Clarity  .     m - +5 gold dragon armour
rNeg   . . .     SustAt   .     (no shield)
rPois  +         Gourm    .     E - +0 helmet {Int+3}
rElec  .         Spirit   .     (no cloak)
rCorr  .         Warding  .     (no gloves)
rMut   .         NoTele   +     (no barding)
MR     .....                    (no amulet)
Stlth  ..........               w - +6 ring of strength
                                v - +6 ring of strength

@: liquid flames, very slightly contaminated, hasted, glowing, very quick, not
resistant to hostile enchantments, extremely unstealthy
A: hooves 3, deformed body, speed 2, tough skin 3
a: Minor Destruction, Lesser Servant of Makhleb, Major Destruction, Greater
Servant of Makhleb, Renounce Religion


You were in the Dungeon.
You worshipped Makhleb.
Makhleb was exalted by your worship.
You were not hungry.

You visited 1 branch

Inventory:

Hand weapons
 a - the +7 longbow "Piercer" (weapon) {penet, EV-2}
   (You found it in the Dungeon)

   Ammo fired by it will pass through the targets it hits, potentially hitting
   all targets in its path until it reaches maximum range.
   It affects your evasion (-2).
 b - the +8 lance "Wyrmbane" {slay drac, +Rage rPois rF+ AC+5}
   (You found it in the Dungeon)

   It affects your AC (+5).
   It protects you from fire.
   It protects you from poison.
   It lets you go berserk.
 U - a +4 triple sword of holy wrath
Missiles
 e - 5 tomahawks of dispersal
 o - 983 arrows (quivered)
Armour
 l - a +5 crystal plate armour
 m - a +5 gold dragon armour (worn)
 E - a +0 helmet of intelligence (worn)
Jewellery
 n - an uncursed amulet of resist mutation
 q - the ring "Toud" {Wiz rF- rN++ Slay+5}
   (You found it in the Dungeon)

   [ring of wizardry]

   It improves your spell success rate.
   It affects your accuracy and damage with ranged weapons and melee attacks
   (+5).
   It makes you vulnerable to fire.
   It greatly protects you from negative energy.
 v - a +6 ring of strength (left hand)
 w - a +6 ring of strength (right hand)
 V - the ring of Day {rF+ rC+ Str-4 Int+3}
   (You found it in the Dungeon)

   [ring of protection from fire]

   It affects your strength (-4).
   It affects your intelligence (+3).
   It protects you from fire.
   It protects you from cold.
 X - an uncursed ring of ice
 Y - a cursed ring of positive energy
Magical devices
 x - a wand of disintegration (7)
 y - a wand of fire (5)
 z - a wand of cold (5)
 A - a wand of draining (5)
Scrolls
 d - 5 scrolls of blinking
 H - 4 scrolls of amnesia
 I - 3 scrolls of recharging
 J - 7 scrolls of fog
 K - a scroll of holy word
 L - 5 scrolls of identify
 M - 5 scrolls of remove curse
 N - 2 scrolls of fear
 T - a scroll of brand weapon
Potions
 g - 10 potions of curing
 h - 8 potions of heal wounds
 i - 5 potions of haste
 j - 7 potions of magic
 k - 2 potions of berserk rage
 B - 2 potions of brilliance
 C - a potion of invisibility
 D - 4 potions of resistance
 F - 5 potions of agility
 G - 5 potions of might
Books
 c - a book of Spatial Translocations

   Spells                             Type                      Level
   a - Apportation                    Translocation                1
   b - Blink                          Translocation                2
   c - Shroud of Golubria             Charms/Translocation         2
   d - Portal Projectile              Translocation                3
   e - Teleport Other                 Translocation                3
   f - Passage of Golubria            Translocation                4
 p - the Reference Book on Slavery
   (You found it in the Dungeon)

   Spells                             Type                      Level
   a - Summon Guardian Golem          Hexes/Summoning              3
   b - Recall                         Summoning/Translocation      3
   c - Call Canine Familiar           Summoning                    3
   d - Shadow Creatures               Summoning                    5
 R - a book of Burglary

   Spells                             Type                      Level
   a - Swiftness                      Charms/Air                   2
   b - Passwall                       Transmutation/Earth          3
   c - Passage of Golubria            Translocation                4
   d - Lee's Rapid Deconstruction     Earth                        5
   e - Darkness                       Hexes                        6
   f - Invisibility                   Hexes                        6
 S - a Necronomicon

   Spells                             Type                      Level
   a - Haunt                          Necromancy/Summoning         7
   b - Borgnjor's Revivification      Necromancy                   8
   c - Death's Door                   Charms/Necromancy            8
   d - Necromutation                  Transmutation/Necromancy     8
Miscellaneous
 W - a stone of tremors
Comestibles
 f - 5 bread rations
 O - 42 fruits
 P - 3 meat rations


   Skills:
 * Level 15.9 Fighting
 - Level 1.7 Polearms
 - Level 22.7 Bows
 - Level 1.3 Throwing
 * Level 11.1 Armour
 - Level 1.3 Dodging
 - Level 1.5 Spellcasting
 - Level 4.4 Translocations


You had 12 spell levels left.
You knew the following spells:

 Your Spells              Type           Power        Failure   Level  Hunger
a - Apportation           Tloc           ##........   95%         1    ##.....


Dungeon Overview and Level Annotations

Branches:
Dungeon (1/1)

Altars:
Ashenzari
Cheibriados
Dithmenos
Elyvilon
Fedhas
Gozag
Kikubaaqudgha
Makhleb
Nemelex Xobeh
Okawaru
Qazlal
Ru
Sif Muna
Trog
Vehumet
Xom
Yredelemnul
Zin
The Shining One
Beogh
Jiyva
Lugonu


Innate Abilities, Weirdness & Mutations

You have hooves in place of feet.
Armour fits poorly on your strangely shaped body.
You cover ground very quickly.
You have extremely tough skin (AC +3).


Message History

The arrow pierces through Boywk!
Boywk is severely wounded.
You are covered in liquid flames!
* * * LOW HITPOINT WARNING * * *
The balrug hits you but does no damage.
The red devil hits you but does no damage.
Boywk sneers, "Begone whilst thou are able!"
Firing (i - inventory. (,) - cycle):
o - 984 arrows (quivered)
Press: ? - help, Shift-Dir - straight line, f/p - Enuma
Aim: Enuma (moderately wounded)
You shoot an arrow.
The arrow pierces through Enuma but does no damage.
Enuma is moderately wounded.
The arrow pierces through Boywk but does no damage.
Boywk is severely wounded.
You are covered in liquid flames!
* * * LOW HITPOINT WARNING * * *
The red devil hits you but does no damage.
The balrug hits you with a demon whip!
You die...

▓..:::.)..▓..:.}
▓..([=()..▓..|}|:}..▓...)|
▓.....)...▓.........▓.....
▓.........▓.........▓.....
▓.(..1....▓.........▓.....
▓.(....3.3▓.........▓.....
▓..▓..1▓44▓.........▓.....
▓.▓.....▓2▓†▓.....▓.▓.....
▓.(....&&@▓.†.......▓▓▓▓▓▓
▓▓▓▓▓▓▓▓▓▓▓▓▓▓▓▓▓▓▓▓▓


You could see Boywk, Enuma, a Hell Sentinel, a balrug, a smoke demon, a ynoxinul
and 2 red devils.

Vanquished Creatures
  2 hydras (D)
  A fire crab (D)
  An ironbrand convoker (D)
  An orc knight (D)
  A cyclops (D)
  4 draconians (D)
  2 orange demons (D)
  A spiny frog (D)
  An eye of devastation (D)
  A torpor snail (D)
  2 yaktaurs (D)
  A red devil (D)
  2 merfolk (D)
  A slime creature (D)
  A spriggan (D)
  A basilisk (D)
  2 wolves (D)
  6 hippogriffs (D)
  2 nagas (D)
  A water moccasin (D)
  A black bear (D)
  3 orc warriors (D)
  2 porcupines (D)
  An eye of draining (D)
  A sky beast (shapeshifter) (D)
  4 centaurs (D)
  2 jellies (D)
  A crimson imp (D)
  An orc priest (D)
  5 orc wizards (D)
  3 sheep (D)
  2 adders (D)
  A river rat (D)
  2 oozes (D)
  An orc (D)
  A ball python (D)
  A ball python zombie (D)
  A quokka zombie (D)
67 creatures vanquished.

Notes
Turn   | Place    | Note
--------------------------------------------------------------
     0 | D        | patman the Centaur Warper began the quest for the Orb.
     0 | D        | Reached XP level 1. HP: 17/17 MP: 3/3
    13 | D        | Found an iron altar of Okawaru.
    13 | D        | Found a radiant altar of Vehumet.
    13 | D        | Found a shimmering altar of Xom.
    13 | D        | Found a burning altar of Makhleb.
    23 | D        | Found a deep blue altar of Sif Muna.
    25 | D        | Found a white marble altar of Elyvilon.
    25 | D        | Found a sparkling altar of Nemelex Xobeh.
    25 | D        | Found a corrupted altar of Lugonu.
    25 | D        | Found a bloodstained altar of Trog.
    25 | D        | Found a roughly hewn altar of Beogh.
    25 | D        | Found a viscous altar of Jiyva.
    54 | D        | Reached skill level 9 in Bows
    54 | D        | Reached XP level 2. HP: 24/24 MP: 4/4
    62 | D        | Became a worshipper of Makhleb the Destroyer
    67 | D        | Entered arena 1.
    67 | D        | Noticed an orc wizard
    70 | D        | Killed an orc wizard
    70 | D        | Reached XP level 3. HP: 29/29 MP: 5/5
    71 | D        | Acquired Makhleb's first power
    92 | D        | Entered arena 2.
    92 | D        | Noticed a crimson imp
    95 | D        | Killed a crimson imp
    95 | D        | Reached skill level 11 in Bows
    95 | D        | Reached XP level 4. HP: 36/36 MP: 6/6
    97 | D        | Acquired Makhleb's second power
   120 | D        | Entered arena 3.
   120 | D        | Noticed a wolf
   120 | D        | Noticed a wolf
   120 | D        | Noticed a spriggan
   120 | D        | Noticed a black bear
   123 | D        | Killed a black bear
   123 | D        | Reached skill level 13 in Bows
   123 | D        | Reached XP level 5. HP: 41/41 MP: 7/7
   136 | D        | Killed a spriggan
   136 | D        | Reached skill level 15 in Bows
   136 | D        | Reached XP level 6. HP: 38/48 MP: 8/8
   142 | D        | Killed a wolf
   142 | D        | Acquired Makhleb's third power
   142 | D        | Reached skill level 17 in Bows
   145 | D        | Killed a wolf
   145 | D        | Reached skill level 18 in Bows
   145 | D        | Reached XP level 7. HP: 28/55 MP: 9/9
   299 | D        | Entered arena 4.
   299 | D        | Noticed a draconian
   299 | D        | Noticed a draconian
   299 | D        | Noticed a draconian
   299 | D        | Noticed a draconian
   309 | D        | Killed a draconian
   309 | D        | Reached skill level 19 in Bows
   315 | D        | Killed a draconian
   315 | D        | Acquired Makhleb's fourth power
   315 | D        | Reached skill level 20 in Bows
   315 | D        | Reached XP level 8. HP: 61/61 MP: 10/10
   331 | D        | Killed a draconian
   331 | D        | Reached skill level 21 in Bows
   344 | D        | Killed a draconian
   344 | D        | Reached skill level 22 in Bows
   344 | D        | Reached XP level 9. HP: 32/67 MP: 11/11
   520 | D        | Entered arena 5.
   520 | D        | Noticed a naga
   520 | D        | Noticed a naga
   526 | D        | Acquired Makhleb's fifth power
   530 | D        | Killed a naga
   530 | D        | Reached skill level 1 in Armour
   535 | D        | Killed a naga
   535 | D        | Reached skill level 5 in Fighting
   574 | D        | Got the ring of Day {rF+ rC+ Str-4 Int+3}
   587 | D        | Entered arena 6.
   587 | D        | Noticed a fire crab
   587 | D        | Noticed a yaktaur
   587 | D        | Noticed a yaktaur
   587 | D        | Noticed a two-headed ogre
   587 | D        | Noticed an orc knight
   587 | D        | Noticed an ironbrand convoker
   590 | D        | Killed a yaktaur
   592 | D        | Killed an ironbrand convoker
   595 | D        | Killed a fire crab
   595 | D        | Reached skill level 10 in Fighting
   595 | D        | Reached skill level 5 in Armour
   596 | D        | a two-headed ogre changed into a sky beast
   598 | D        | Killed an orc knight
   598 | D        | Reached XP level 10. HP: 79/97 MP: 12/12
   602 | D        | Killed a yaktaur
   714 | D        | Entered arena 7.
   714 | D        | Noticed a centaur
   714 | D        | Noticed a cyclops
   714 | D        | Noticed a hippogriff
   714 | D        | Noticed a merfolk
   719 | D        | Killed a centaur
   720 | D        | Killed a cyclops
   725 | D        | Killed a merfolk
   729 | D        | Killed a hippogriff
   784 | D        | Entered arena 8.
   784 | D        | Noticed an eye of draining
   784 | D        | Noticed an eye of devastation
   784 | D        | Noticed a jelly
   784 | D        | Noticed a jelly
   784 | D        | Noticed a slime creature
   787 | D        | Killed a jelly
   788 | D        | Killed an eye of devastation
   793 | D        | Killed a slime creature
   793 | D        | Killed a jelly
   798 | D        | Killed an eye of draining
   835 | D        | Identified the Reference Book on Slavery (You found it in the Dungeon)
   889 | D        | Entered arena 9.
   889 | D        | Noticed an orc priest
   889 | D        | Noticed an orc warrior
   889 | D        | Noticed an orc wizard
   889 | D        | Noticed an orc wizard
   889 | D        | Noticed an orc wizard
   889 | D        | Noticed an orc warrior
   889 | D        | Noticed an orc wizard
   889 | D        | Noticed an orc warrior
   895 | D        | Killed an orc priest
   898 | D        | Killed an orc warrior
   899 | D        | Killed an orc warrior
   903 | D        | Killed an orc warrior
   903 | D        | Killed an orc wizard
   905 | D        | Killed an orc wizard
   907 | D        | Killed an orc wizard
   908 | D        | Killed an orc wizard
   957 | D        | Entered arena 10.
   957 | D        | Noticed a hippogriff
   957 | D        | Noticed a centaur
   957 | D        | Noticed a hippogriff
   957 | D        | Noticed a centaur
   957 | D        | Noticed a centaur
   957 | D        | Noticed a hippogriff
   957 | D        | Noticed a merfolk
   957 | D        | Noticed a hippogriff
   957 | D        | Noticed a hippogriff
   963 | D        | Killed a centaur
   964 | D        | Killed a merfolk
   966 | D        | Killed a hippogriff
   967 | D        | Killed a hippogriff
   968 | D        | Killed a centaur
   969 | D        | Identified a +6 rod of destruction (7/11)
   970 | D        | Killed a centaur
   972 | D        | Killed a hippogriff
   977 | D        | Killed a hippogriff
   980 | D        | Killed a hippogriff
  1086 | D        | Entered arena 11.
  1086 | D        | Noticed a porcupine
  1086 | D        | Noticed a porcupine
  1086 | D        | Noticed a water moccasin
  1087 | D        | Noticed a four-headed hydra
  1087 | D        | Noticed a spiny frog
  1088 | D        | Noticed a five-headed hydra
  1088 | D        | Noticed a basilisk
  1088 | D        | Noticed a torpor snail
  1092 | D        | Killed a porcupine
  1094 | D        | Killed a five-headed hydra
  1094 | D        | Reached XP level 11. HP: 111/111 MP: 13/13
  1096 | D        | Killed a porcupine
  1096 | D        | Reached skill level 10 in Armour
  1097 | D        | Killed a four-headed hydra
  1097 | D        | Reached skill level 15 in Fighting
  1100 | D        | Killed a water moccasin
  1114 | D        | Killed a basilisk
  1116 | D        | Killed a spiny frog
  1119 | D        | Killed a torpor snail
  1237 | D        | Got the ring "Toud" {Wiz rF- rN++ Slay+5}
  1245 | D        | Identified Siyguor's Guide on Cloudy Arcane Weapons (You found it in the Dungeon)
  1260 | D        | Entered arena 12.
  1260 | D        | Noticed a ynoxinul
  1260 | D        | Noticed an orange demon
  1260 | D        | Noticed a Hell Sentinel
  1260 | D        | Noticed an orange demon
  1260 | D        | Noticed Boywk the pandemonium lord
  1261 | D        | Noticed Enuma the pandemonium lord
  1261 | D        | Noticed a smoke demon
  1261 | D        | Noticed a balrug
  1262 | D        | Noticed a red devil
  1262 | D        | Noticed a red devil
  1264 | D        | Noticed a red devil
  1264 | D        | Killed a red devil
  1265 | D        | Killed an orange demon
  1275 | D        | Killed an orange demon
  1276 | D        | HP: 5/114 [balrug/demon whip (7)]
  1279 | D        | Mangled by a balrug

Vault maps used:
D:        sprint_v

Action                   |  1- 3 |  4- 6 |  7- 9 | 10-12 || total
-------------------------+-------+-------+-------+-------++-------
Melee: Lance             |       |       |    37 |       ||    37
 Fire: Longbow           |     7 |    23 |    27 |    97 ||   154
  Use: Potion            |     1 |     2 |     4 |     1 ||     8
 Stab: Invisible         |       |       |     3 |       ||     3
  Eat: Meat ration       |       |       |       |     1 ||     1
